AoeStats
← the best BO's

Arabia

510242908Analyzed
1v1 RM · 2d ago on Sep 30, 2026· 61m 9s· 2 players
Game mode
Random Map
Map size
Tiny (2 player)
Population
200
Speed
Normal
Resources
Standard
Victory
Conquest
Starting age
Dark Age
Ending age
Imperial Age
RankedLock teamsTeams togetherTeam positionsShared explorationLock speedFull tech treeHidden civsTurbo modeCheats
Victory
Defeat
🇦🇷 Saxons · Argentina
2218
+10
🇨🇳 Varangians · China
2080
-10
_FJ_马爆哥
6:37 Loom
9:11 Feudal Age
10:29 Double-Bit Axe
10:58 Horse Collar
18:47 Castle Age
17:30 Fletching
18:10 Gold Mining
18:54 Crossbowman
22:16 Bodkin Arrow
23:15 Padded Archer Armor
24:52 Bow Saw
26:26 Ballistics
26:47 Town Watch
29:06 Wheelbarrow
28:35 Heavy Plow
30:26 Scale Barding Armor
31:19 Husbandry
32:20 Bloodlines
32:30 Chain Barding Armor
32:47 Forging
36:23 Hand Cart
40:37 Imperial Age
38:52 Stone Mining
40:13 Stone Shaft Mining
40:40 Cavalier
41:55 Plate Barding Armor
43:59 Two-Man Saw
44:02 Leather Archer Armor
48:16 Elite Skirmisher
48:57 Bracer
49:51 Conscription
51:21 Ring Archer Armor
50:58 Light Cavalry
the best BO's
6:09 Loom
12:13 Feudal Age
16:37 Castle Age
14:50 Double-Bit Axe
16:10 Fletching
17:16 Bodkin Arrow
16:41 Crossbowman
16:53 Crossbowman
20:29 Bow Saw
22:07 Horse Collar
27:46 Elite Skirmisher
30:38 Padded Archer Armor
31:48 Wheelbarrow
31:53 Leather Archer Armor
33:55 Ballistics
34:22 Guard Tower
36:16 Hand Cart
38:34 Imperial Age
40:23 Chemistry
38:48 Arbalester
39:50 Hand Cart
40:21 Bracer
40:50 Thumb Ring
42:57 Pikeman
43:38 Squires
45:54 Scale Mail Armor
46:22 Forging
49:30 Halberdier
50:58 Chain Mail Armor
51:18 Iron Casting
51:41 Guilds
51:25 Gold Mining
51:25 Stone Mining
53:36 Plate Mail Armor
53:41 Iron Casting
53:54 Keep
54:29 Arrowslits
54:56 Masonry
54:51 Siege Engineers
55:01 Elite Varangian Guard
55:27 Arson
57:11 Two-Man Saw
56:12 Heavy Plow
56:01 Clerical Recruitment
56:05 Shield Wall
57:25 Gambesons
Connection lost

Rejoining the realm…

Still unreachable

The connection could not be restored.

Session expired

The server has moved on; the page needs a fresh start.